[Event "39th Muensterland Open 2022"]
[Site "Muenster"]
[Date "2022.10.07"]
[Round "8.7"]
[White "Berger, Konstantin"]
[Black "Ollenberger, Roland"]
[Result "0-1"]
[ECO "C00"]
[WhiteElo "2078"]
[BlackElo "2256"]
[Annotator "TA"]
[PlyCount "71"]
[EventDate "2022.10.01"]
[EventType "swiss"]
[EventCountry "GER"]
[SourceTitle "playchess.com"]
[Source "ChessBase"]
[SourceQuality "1"]
[TimeControl "40/5400+30:1800+30"]

1. e4 c5 2. Nf3 e6 3. g3 Nc6 4. Bg2 Nf6 5. Qe2 Qc7 6. O-O d6 {[%emt 0:02:01] 6...Be7 is the fancy move.} 7. c3 e5 {[%emt 0:03:11] C00: French: Unusual White 2nd moves.} 8. h3 Be7 {[%emt 0:01:19] [#]} 9. Na3 $146 ({Predecessor:} 9. Rd1 O-O 10. d4 cxd4 11. cxd4 b6 12. Nc3 Bb7 13. Bg5 h6 14. Bxf6 Bxf6 15. Nd5 {1-0 (42) Spitzl,V (2063)-Metzdorf,M (1864) Playchess.com INT 2020}) 9... a6 {[%emt 0:04:05] White is slightly better.} 10. Nc2 O-O 11. d4 b5 12. Bg5 h6 13. Bxf6 Bxf6 14. d5 Na5 15. Nd2 c4 16. a4 Bd7 17. axb5 axb5 18. Ra3 Nb7 19. Rfa1 Rxa3 20. Rxa3 Nc5 21. Qd1 Nd3 22. Qa1 (22. b4 $142) 22... Bg5 $17 23. Nf1 Bc1 24. Ra2 {[%emt 0:06:59] [#]} f5 ({Black should play} 24... Qc5 $1 $17 25. Nfe3 f5 26. exf5 Bxf5) 25. exf5 $2 (25. Nb4 $11 Bxb2 26. Rxb2 Nxb2 27. Qxb2) 25... Qc5 ({Not} 25... Rxf5 26. Nb4 Rxf2 27. Nxd3 cxd3 28. Ra8+ (28. Kxf2 $2 {is the wrong capture.} Qc5+ 29. Ke1 d2+ 30. Nxd2 Bxd2+ 31. Kxd2 Qf2+ 32. Kc1 Qg1+ 33. Kc2 Qxg2+ 34. Kc1 Qf1+ 35. Kd2 Qg2+ 36. Kc1 Qh1+ 37. Kd2 Qh2+ 38. Kc1 Qh1+ 39. Kd2 Qh2+ 40. Kc1 Qh1+ $19) 28... Kh7 29. Be4+ (29. Kxf2 Qc5+ 30. Ke1 d2+ 31. Nxd2 Bxd2+ 32. Kxd2 Qf2+ 33. Kd1 Qg1+ 34. Ke2 Qxg2+ 35. Ke3 Qxg3+ 36. Ke2 Qg2+ 37. Ke1 Qxh3 $19) 29... Bf5 30. Kxf2 $15 (30. Bxf5+ $2 Rxf5 31. Qxc1 Qc5+ 32. Ne3 Rf3 $19)) (25... Bxf5 $19 {aiming for ...Qf7.} 26. Nfe3 Bg6) 26. Nce3 Bxf5 {[%emt 0:00:29] And now ...Bc8 would win. Black has more active pieces.} 27. Ra8 {[%emt 0:04:36] [#]} Bc8 $1 $36 {[%emt 0:00:24][%mdl 2048] White is under strong pressure.} (27... Bxb2 28. Rxf8+ Kxf8 29. Qa5 $11) 28. b4 {[%emt 0:02:45][%mdl 8192] This move loses the game for White.} (28. Nd1 $17) 28... cxb3 $19 29. Qb1 Qxc3 {[%emt 0:03:48] White must now prevent ...Bxe3.} 30. Be4 Nxf2 31. Bf5 Bxe3 32. Bxc8 Ne4+ {[%emt 0:01:02] Black mates.} 33. Kh1 Rxf1+ 34. Qxf1 Nxg3+ 35. Kg2 Nxf1 36. Ra2 {[%emt 0:02:00] Weighted Error Value: White=1.04/Black=0.10 (very precise)} 0-1

[Event "39th Muensterland Open 2022"]
[Site "Muenster"]
[Date "2022.10.07"]
[Round "8.8"]
[White "Schmitzer, Klaus"]
[Black "Weidemann, Jakob"]
[Result "1/2-1/2"]
[ECO "A45"]
[WhiteElo "2250"]
[BlackElo "2084"]
[Annotator "TA"]
[PlyCount "48"]
[EventDate "2022.10.01"]
[EventType "swiss"]
[EventCountry "GER"]
[SourceTitle "playchess.com"]
[Source "ChessBase"]
[SourceQuality "1"]
[TimeControl "40/5400+30:1800+30"]

1. d4 Nf6 2. Bg5 Ne4 3. Bf4 d5 4. e3 c5 5. Bd3 Nf6 6. Nf3 {[%emt 0:04:11] A45: Trompowsky Attack.} Nc6 7. Nbd2 c4 8. Be2 Bf5 {[%emt 0:00:23] [#]} 9. Nh4 $146 ({Predecessor:} 9. O-O e6 10. Ne5 Nxe5 11. dxe5 Nd7 12. e4 Bg6 13. exd5 exd5 14. Nf3 Nc5 15. Bg5 Qd7 16. Nh4 Ne6 17. Bg4 {1-0 (66) Hutchinson,P (2120)-Sheikh,A (1837) Newcastle on Tyne 2021}) 9... Bg6 10. O-O e6 11. c3 Nh5 12. Bxh5 $16 ({Don't take} 12. Nxg6 hxg6 13. Bxh5 Rxh5 $14) 12... Qxh4 {[%emt 0:00:12] [#]} 13. Bxg6 ({White should try} 13. Bf3 $1) 13... hxg6 14. b3 cxb3 15. Qxb3 Qe7 16. Rab1 {[%emt 0:04:22] White is more active.} b6 $1 17. Qa4 Rc8 18. c4 Qd7 19. cxd5 exd5 20. h3 Bd6 (20... Na5 $5 21. Qxd7+ Kxd7 $11) 21. Bxd6 Qxd6 22. e4 O-O {[%emt 0:00:51] The position is equal.} 23. exd5 Qxd5 24. Nf3 Rfe8 {[%emt 0:02:46] Weighted Error Value: White=0.13 (very precise) /Black=0.09 (flawless)} 1/2-1/2

[Event "39th Muensterland Open 2022"]
[Site "Muenster"]
[Date "2022.10.07"]
[Round "8.9"]
[White "Bentel, Robin"]
[Black "Spriestersbach, Kai"]
[Result "1-0"]
[ECO "E97"]
[WhiteElo "2247"]
[BlackElo "2043"]
[Annotator "TA"]
[PlyCount "133"]
[EventDate "2022.10.01"]
[EventType "swiss"]
[EventCountry "GER"]
[SourceTitle "playchess.com"]
[Source "ChessBase"]
[SourceQuality "1"]
[TimeControl "40/5400+30:1800+30"]

1. d4 Nf6 2. c4 g6 3. Nc3 Bg7 4. e4 d6 5. Nf3 O-O 6. Be2 e5 7. Be3 Ng4 8. Bg5 f6 9. Bc1 exd4 10. Nxd4 f5 11. O-O Nc6 12. Nxc6 {[%emt 0:04:44] E97: King's Indian: Classical Main Line (6...e5 7 0-0 Nc6): 8 Be3 and 8 d5 Ne7, not 9 Ne1.} bxc6 13. exf5 gxf5 14. Bf4 {[%emt 0:02:47][%cal Oc4c5] [#] White is slightly better.} (14. h3 $5 Ne5 15. f4 $11) 14... Qf6 $146 ({Predecessor:} 14... Rb8 15. Qd2 c5 16. Rad1 Bb7 17. Nd5 Bd4 18. b3 Qd7 19. Bxg4 fxg4 20. Be3 Bxe3 21. Qxe3 {1-0 (34) Lenderman,A (2601)-Becerra Rivero,J (2551) ICC INT 2014}) 15. Qd2 Ba6 16. Rac1 Qd4 17. h3 Qxd2 18. Bxd2 Ne5 19. b3 f4 20. f3 Bb7 21. Rfe1 c5 22. Nd5 Bxd5 23. cxd5 Nd7 (23... a5 $14) 24. Bb5 $16 Bd4+ 25. Kh1 Ne5 26. Re4 Rab8 (26... Rfb8 $142 27. Be2 a5) 27. Ba6 Ng6 28. Rce1 Be5 29. Ra4 Rf7 30. Bd3 Rb7 31. Ree4 {[%emt 0:04:20] White has more active pieces.} Kg7 32. Ba6 Rb6 33. Bc8 {[%emt 0:01:58] Black must now prevent Be6. This bishop pair is nice.} Rf8 34. Bd7 Ne7 (34... a6 $142) 35. Rxa7 {[%emt 0:04:58] Ba5 is the strong threat.} Nxd5 36. Be6 $36 {[%emt 0:00:08][%mdl 2048] Black is under strong pressure.} Nf6 (36... Ne3 $16) 37. Rxc7+ $18 Kg6 38. Re1 Nh5 39. Bc4 Ng3+ 40. Kh2 Ra8 $2 (40... Rbb8 41. Bd3+ Kf6 42. Rxh7 Nf5) 41. a4 Nf5 42. a5 Rbb8 43. Bd5 Ra6 44. Bb7 Ra7 45. a6 h5 46. Re4 Kg5 47. h4+ Nxh4 48. Ba5 Nf5 49. Ra4 c4 50. bxc4 Bd4 {[%emt 0:00:00] Against Bb6} 51. Rd7 $2 (51. Rb4 $18 {is more deadly.}) 51... Re8 $2 {[%emt 0:00:00] Loses the game.} (51... Rxa6 $16 {was worth a try.} 52. Bxa6 Rb1) 52. Bd8+ Kg6 {[%emt 0:00:00] [#] Strongly threatening ...Re1.} 53. c5 Bxc5 (53... dxc5 $142 54. Bc7 Kg5) 54. Rxf4 Re1 55. g4 hxg4 56. Rxg4+ ({Inferior is} 56. fxg4 Re2+ 57. Kh3 Re3+ 58. Rf3 Rxf3+ 59. Bxf3 Rxd7 $11) 56... Kh6 57. f4 (57. Bg5+ $142 Kh5 58. Bf4) 57... Re2+ 58. Rg2 Rxg2+ 59. Kxg2 Nd4 60. Kh3 (60. Bg5+ $142 Kg6 61. Be4+ Nf5 62. Rxa7 Bxa7 63. Kf3) 60... Ne6 61. Kg4 {[%emt 0:00:26] [#] White threatens Bg5+ and mate.} Nxd8 62. Rxd8 {[%emt 0:00:04] KRB-KRB} Kg6 63. f5+ Kf6 64. Re8 Kf7 65. Re6 Bb4 66. Kf4 d5 67. Ke5 {[%emt 0:00:21] Weighted Error Value: White=0.39/Black=0.44} (67. Bxd5 $142 Kg7 68. Rg6+ Kh7 69. Bb7) 1-0

[Event "39th Muensterland Open 2022"]
[Site "Muenster"]
[Date "2022.10.07"]
[Round "8.10"]
[White "Winterberg, Andreas"]
[Black "Goldschmidt, Christian"]
[Result "0-1"]
[ECO "C56"]
[WhiteElo "1991"]
[BlackElo "2230"]
[Annotator "TA"]
[PlyCount "204"]
[EventDate "2022.10.01"]
[EventType "swiss"]
[EventCountry "GER"]
[SourceTitle "playchess.com"]
[Source "ChessBase"]
[SourceQuality "1"]
[TimeControl "40/5400+30:1800+30"]

1. e4 e5 2. Nf3 Nc6 3. Bc4 Nf6 4. d4 exd4 5. e5 d5 6. Bb5 Ne4 7. Nxd4 Bc5 8. Be3 Bd7 9. Bxc6 bxc6 10. O-O Qe7 11. f3 Nd6 12. Bf2 Nf5 {[%emt 0:06:10] C56: Two Knights: 4 d4 exd4 5 0-0 Nxe4.} (12... Qxe5 $2 13. Re1 Ne4 14. fxe4 dxe4 15. Nc3 $18) 13. Qd3 {[%emt 0:08:20] [#]} (13. c3 $11) 13... Bxd4 $146 (13... Qxe5 $15 14. Nb3 Bxf2+ 15. Rxf2 O-O) ({Predecessor:} 13... Nxd4 14. Bxd4 O-O 15. c3 Bb6 16. Bxb6 cxb6 17. f4 f6 18. exf6 Rxf6 19. Nd2 Re8 20. Rf2 {½-½ (32) Sedy,P (2137)-Smid,M (2126) Czech Republic 2013}) 14. Bxd4 $11 Qb4 {[%emt 0:03:52] The position is equal.} 15. Bc3 (15. Bf2 $11) 15... Qb6+ $1 $15 16. Kh1 d4 (16... h5 $1 $17 {[%cal Rh5h4] Strongly threatening ...h4.} 17. g3 Rb8) 17. Bd2 $11 O-O ({Don't take} 17... Qxb2 18. Na3 Qb8 19. g4 $11) 18. Na3 Be6 (18... Qxb2 $2 19. Rfb1 Qb6 20. Rxb6 $18) 19. f4 c5 (19... Qxb2 $2 20. Rfb1 Qb6 21. Rxb6 $18) 20. b3 Rfe8 21. Nc4 Qc6 22. Rf2 h5 23. Na5 Qb6 24. Nc4 Qa6 25. Nb2 Qc6 26. Qf3 Qxf3 27. Rxf3 Bd5 28. Rf2 h4 {[%emt 0:02:13] Threatening ...h3.} 29. Kg1 Re6 30. Nd3 (30. c4 $5 dxc3 31. Bxc3 $11) 30... a5 31. c4 dxc3 $1 32. Bxc3 c4 33. bxc4 ({Don't play} 33. Nc5 Rc6 34. b4 axb4 35. Bxb4 Rb6 $17) 33... Bxc4 34. Nb2 Bd5 35. Rd2 c6 36. Nd3 (36. a4 $11 {keeps the balance.}) 36... Rg6 $17 37. a4 Ne3 38. Ne1 {[%emt 0:01:20] [#]} Nxg2 $1 {[%emt 0:02:10][%mdl 512] Black is much more active.} 39. Nxg2 h3 {[%emt 0:00:11][%mdl 64] Pin} 40. Rb1 Bxg2 41. Kf2 Rg4 42. Ke3 Bd5 43. Rf2 g6 44. Bd4 Rg2 45. Bc5 Re8 ({Black should try} 45... Kg7 $17) 46. Kd3 (46. Bd6 $1 $15) 46... g5 47. fxg5 Rxe5 48. Rb8+ Kh7 49. Bd4 (49. Rf4 $142) 49... Rxf2 (49... Rexg5 $2 50. Rh8+ Kg6 51. Rf6+ Kg7 52. Rfh6+ f6 53. Bxf6+ Kf7 54. R8h7+ Rg7 55. Bxg7 Rxg7 56. Kc3 $18) 50. Bxe5 {[%emt 0:00:00][%mdl 4096] Endgame KRB-KRB} Ra2 51. Rh8+ Kg6 52. Rxh3 Kxg5 53. Bc3 Rxa4 54. Rh8 Ra2 55. h4+ Kg4 56. h5 Rh2 (56... a4 $19 57. h6 Rh2) 57. h6 (57. Bxa5 $17 Rxh5 58. Rxh5 Kxh5 59. Bd8) 57... a4 $19 58. h7 Kf5 59. Ra8 Rxh7 {[%emt 0:00:00] aiming for ...Rh3+.} 60. Rxa4 Rh3+ 61. Kd2 Rh2+ 62. Ke3 Ra2 ({Black should play} 62... Ke6 63. Ra8 Rh3+ 64. Kd2 f6) 63. Rf4+ {[%emt 0:00:00] [#]} ({Better is} 63. Rxa2 Bxa2 64. Kd4) 63... Ke6 $1 $17 64. Rf6+ Ke7 65. Rf4 c5 66. Rf5 Kd6 67. Kd3 Rg2 68. Rf6+ Be6 69. Rf3 Kd5 {[%emt 0:01:30] White must now prevent ...Bg4.} 70. Bf6 Rh2 71. Rf4 Rh3+ 72. Kd2 c4 73. Kc2 Kc6 74. Rf2 Bd5 75. Bd4 $2 (75. Rf4) 75... Be4+ $19 76. Kb2 f5 77. Be5 Rb3+ 78. Ka2 Kd5 79. Bb2 {[%emt 0:00:00] [#]} Rb7 (79... Rxb2+ $142 $1 80. Kxb2 Kd4) 80. Bc3 Bd3 {[%emt 0:00:00] ...Ke4 is the strong threat.} 81. Rf4 Rh7 (81... Bb1+ $142 82. Ka1 Rb3) 82. Ka3 (82. Rd4+ $142 Kc5 83. Rd8) 82... Rh1 83. Kb2 $2 (83. Rd4+ Kc5 84. Rd8) 83... Rb1+ 84. Ka2 Rf1 85. Rd4+ Ke6 86. Rd8 f4 87. Bd4 f3 88. Rf8 Be2 89. Kb2 Rd1 (89... Kd5 $142 90. Kc3 Rc1+ 91. Kb2 Rd1) 90. Bf2 (90. Kc3 {is the only way for White.}) 90... Rd7 91. Rf4 Rf7 ({Not} 91... Ke5 $2 92. Rh4 $19) 92. Re4+ (92. Rh4 {was the only chance.}) 92... Kf5 93. Re8 (93. Rh4 $142) 93... Bd3 {[%emt 0:00:00] And now ...Rh7 would win.} 94. Kc3 Be2 $2 (94... Kf4 $19 {Hoping for ...Kg4.} 95. Rh8 Be2) 95. Kd2 $2 (95. Kb2 $1 $11 {and White has nothing to worry.}) 95... Rd7+ 96. Kc3 (96. Kc1 $142 Bd1 97. Rf8+ Kg4 98. Be1) 96... Rd3+ 97. Kc2 Bd1+ 98. Kc1 c3 99. Rf8+ Kg6 {[%emt 0:00:00] ( -> ...Bb3)} 100. Rf4 Bb3 {[%emt 0:00:00][%csl Gb3][%cal Rd3d1] Black mates.} 101. Rd4 Rxd4 102. Bxd4 Kf5 {[%emt 0:12:00] Weighted Error Value: White=0.18 (very precise) /Black=0.12 (very precise)} 0-1

[Event "39th Muensterland Open 2022"]
[Site "Muenster"]
[Date "2022.10.08"]
[Round "9.1"]
[White "Scholz, Christian"]
[Black "Koellner, Ruben Gideon"]
[Result "1/2-1/2"]
[ECO "D32"]
[WhiteElo "2332"]
[BlackElo "2403"]
[Annotator "TA"]
[PlyCount "44"]
[EventDate "2022.10.01"]
[EventType "swiss"]
[EventCountry "GER"]
[SourceTitle "playchess.com"]
[Source "ChessBase"]
[SourceQuality "1"]
[TimeControl "40/5400+30:1800+30"]

1. d4 d5 2. c4 e6 3. Nc3 c5 4. cxd5 exd5 5. Nf3 Nf6 6. Bg5 Be6 7. e3 c4 {[%emt 0:00:07] D32: Tarrasch Defence: Sidelines and lines without g3.} 8. Be2 Bb4 9. Qa4+ (9. O-O $5 ) 9... Nc6 {[%emt 0:00:07] The position is equal.} 10. Ne5 Qa5 11. Qxa5 Bxa5 12. Nxc6 bxc6 {[%emt 0:00:11] [#]} 13. f3 $146 {[%emt 0:15:23] Inhibits Ne4.} ({Predecessor:} 13. Bxf6 gxf6 14. O-O-O Bxc3 15. bxc3 Rb8 16. Rd2 Ke7 17. Rb2 Rxb2 18. Kxb2 Rb8+ 19. Ka3 {0-1 (37) Baker,C (2227)-Pantzar,M (2421) Chess.com INT 2021}) 13... Rb8 14. O-O-O Bxc3 15. bxc3 Bf5 16. Bxf6 gxf6 17. e4 $1 Bg6 18. h4 {[%emt 0:04:25] [#] Hoping for h5.} h5 19. Rd2 Kd7 (19... f5 $5 ) 20. Rb2 Kc7 21. Re1 Rb7 ({Better is} 21... Rxb2 $11 22. Kxb2 Rb8+ 23. Kc1 Kd6) 22. Rb3 $2 {[%mdl 8192] [#]} Rxb3 $2 {[%emt 0:00:00] Weighted Error Value: White=0.46/Black=0.11 (very precise)} (22... cxb3 $19 23. axb3 Rxb3) 1/2-1/2

[Event "39th Muensterland Open 2022"]
[Site "Muenster"]
[Date "2022.10.08"]
[Round "9.2"]
[White "Pfreundt, Jakob"]
[Black "Gallasch, Robin"]
[Result "1-0"]
[ECO "B00"]
[WhiteElo "2394"]
[BlackElo "2021"]
[Annotator "TA"]
[PlyCount "109"]
[EventDate "2022.10.01"]
[EventType "swiss"]
[EventCountry "GER"]
[SourceTitle "playchess.com"]
[Source "ChessBase"]
[SourceQuality "1"]
[TimeControl "40/5400+30:1800+30"]

1. e4 b6 2. d4 Bb7 3. Bd3 e6 4. Nf3 d6 5. Nc3 Nd7 6. Be3 {[%emt 0:15:58] B00: Queen's Fianchetto Defence, Nimzowitsch Defence.} g6 {[%emt 0:00:47] [#]} 7. h4 $146 ({Predecessor:} 7. Qd2 Bg7 8. O-O-O a6 9. d5 e5 10. g4 b5 11. h4 Ngf6 12. Nh2 h5 13. Bg5 {½-½ (27) Karthikeyan,P (2421)-Singh,D (2278) Tirupati 2012}) 7... h6 8. d5 {[%emt 0:01:20] And now dxe6 would win. White is slightly better.} e5 ({Black should play} 8... Bg7 $14) 9. h5 $16 {[%emt 0:00:26] [#] Strongly threatening hxg6.} g5 10. Nh2 {[%emt 0:07:32][%cal Bf3h2,Bh2f1,Bf1g3][%mdl 32] White is much more active.} Bg7 11. g4 Ne7 12. Bc4 (12. f3 $16) 12... Qc8 13. Qd3 Kf8 (13... O-O $14) 14. f3 Bf6 15. Nf1 Kg7 16. Ng3 a6 17. a4 {[%emt 0:00:52] Prevents b5.} Qg8 18. O-O Qh7 19. Bf2 Rhd8 20. Ra3 Qh8 21. Nd1 Kh7 22. Qe2 Rdc8 23. Ne3 Qd8 24. Rd1 Qh8 (24... a5 $142 25. Kg2 Bg7) 25. Ba2 Qd8 26. Kg2 Qh8 (26... a5 $142 27. Bc4 Qf8) 27. a5 $18 Qd8 28. b4 Rcb8 29. Ra1 Nc8 30. axb6 cxb6 31. Bc4 a5 32. c3 axb4 33. cxb4 Rxa3 34. Rxa3 Ra8 $2 (34... Be7 35. Bb5 Nf6) 35. Rxa8 Bxa8 36. Qa2 Bb7 37. Bb5 Nb8 38. Nc4 Qc7 39. Nf5 Bd8 40. Qa4 Bf6 {[%emt 0:02:23] [#]} 41. Nfxd6 $1 Nxd6 42. Bxb6 Qxc4 43. Bxc4 Nxc4 44. Qe8 Nxb6 45. Qxb8 {[%emt 0:00:12] White mates.} Nxd5 46. Qxb7 Nf4+ 47. Kf1 Kg7 48. Qd7 Ne6 49. b5 Bd8 50. Qd6 Bc7 51. Qc6 Bb8 52. b6 Nd4 53. Qc8 Bd6 54. Qd7 Bb8 55. Qd8 {[%emt 0:00:10] Weighted Error Value: White=0.10 (very precise) /Black=0.45} 1-0

[Event "39th Muensterland Open 2022"]
[Site "Muenster"]
[Date "2022.10.08"]
[Round "9.3"]
[White "Rott, Georg"]
[Black "Stillger, Bernhard"]
[Result "1/2-1/2"]
[ECO "B51"]
[WhiteElo "2064"]
[BlackElo "2279"]
[Annotator "TA"]
[PlyCount "118"]
[EventDate "2022.10.01"]
[EventType "swiss"]
[EventCountry "GER"]
[SourceTitle "playchess.com"]
[Source "ChessBase"]
[SourceQuality "1"]
[TimeControl "40/5400+30:1800+30"]

1. e4 c5 2. Nf3 d6 3. Bb5+ Nd7 4. O-O a6 5. Bd3 Ngf6 6. Re1 {[%emt 0:00:23] B51: Sicilian: Moscow Variation (3 Bb5+) without 3...Bd7.} e5 7. c3 Be7 8. Bc2 {[%emt 0:00:15] White has an edge.} O-O 9. d4 Re8 {[%emt 0:06:43] [#]} 10. h3 $146 ({Predecessor:} 10. a4 b6 11. Nbd2 cxd4 12. cxd4 exd4 13. Nxd4 Bb7 14. Nf5 Bf8 15. b3 g6 16. Ng3 {0-1 (32) Bar,R (2471)-Kaspi,A (2435) Jerusalem 2017}) 10... b5 11. d5 c4 12. Be3 Rb8 13. Nbd2 Qc7 14. Nf1 Nc5 15. Ng3 g6 16. Qd2 Bf8 17. Bh6 (17. b4 Na4 18. Bxa4 bxa4 19. Bh6) 17... Qe7 18. Bg5 Bg7 19. b4 cxb3 20. axb3 Qf8 21. b4 Ncd7 22. Bd3 {[%emt 0:00:09] White is much more active. The black rooks are badly placed.} Nb6 {[%emt 0:02:08] Against c4} 23. Nh2 h6 24. Be3 Kh7 25. Bxb6 Rxb6 26. c4 (26. Reb1) 26... bxc4 27. Bxc4 Qe7 28. Ra4 Qc7 29. Bd3 Qb8 30. Rea1 Bd7 31. Rxa6 Rxb4 32. Nhf1 Rb2 33. Qe3 Rc8 34. Rc1 (34. Nd2) (34. Qe1 $11 {remains equal.}) 34... Rb3 (34... h5 35. Rxc8 Bxc8) (34... h5 $17 {Threatens to win with ...Bh6.} 35. Rxc8 Bxc8) 35. Rxc8 $11 Bxc8 36. Ra2 Nd7 37. Qe2 (37. Nd2 Rb2 38. Rxb2 Qxb2 39. Ngf1) 37... Nc5 38. Bc2 Rb2 39. Rxb2 Qxb2 40. Ne3 Bf6 41. Nc4 Qc1+ 42. Qd1 Qxd1+ 43. Bxd1 Be7 44. Bc2 Ba6 45. Ne3 Bg5 46. Ngf1 Kg7 47. f3 h5 48. Kf2 h4 49. Nd2 {[%emt 0:00:08] [#]} (49. g4) 49... Kf8 (49... Nd3+ $1 $17 50. Bxd3 Bxd3) 50. Ndc4 $15 Ke7 51. Na5 {[%emt 0:00:24] [#]} (51. Kg1) (51. Bb1 $15) 51... Kd7 (51... Nd3+ $1 $17 52. Bxd3 Bxd3 53. Nc6+ Kd7) 52. Nec4 Kc7 53. g3 hxg3+ 54. Kxg3 Bf4+ 55. Kf2 Bb5 56. h4 Bh6 57. Kg3 Bf4+ 58. Kf2 Bh6 59. Kg3 $1 Bf4+ {[%emt 0:01:02] Weighted Error Value: White=0.13 (very precise) /Black=0.15 (very precise)} (59... Na4 $15) 1/2-1/2

[Event "39th Muensterland Open 2022"]
[Site "Muenster"]
[Date "2022.10.08"]
[Round "9.4"]
[White "Ollenberger, Roland"]
[Black "Quante, Lennart"]
[Result "1-0"]
[ECO "A36"]
[WhiteElo "2256"]
[BlackElo "2100"]
[Annotator "TA"]
[PlyCount "151"]
[EventDate "2022.10.01"]
[EventType "swiss"]
[EventCountry "GER"]
[SourceTitle "playchess.com"]
[Source "ChessBase"]
[SourceQuality "1"]
[TimeControl "40/5400+30:1800+30"]

1. c4 g6 2. Nc3 Bg7 3. e4 c5 4. g3 Nc6 5. Bg2 e6 6. Nge2 Nge7 7. O-O O-O 8. d3 d6 9. Rb1 Rb8 10. a3 b6 11. b4 Bb7 {[%emt 0:02:19] A36: Symmetrical English vs ...g6: 4 Bg2 Bg7.} 12. Bg5 h6 13. Be3 Nd4 {[%emt 0:01:11] The position is equal.} 14. Qd2 Kh7 15. f4 f5 {[%emt 0:02:25] [#]} 16. Bf2 $146 (16. Bxd4 cxd4 17. Nb5) (16. Bxd4 $5 cxd4 17. Nb5 $11) ({Predecessor:} 16. Bxd4 cxd4 17. Nb5 e5 18. Nxa7 Qd7 19. Nb5 Ng8 20. exf5 gxf5 21. Bxb7 Rxb7 22. h3 {1-0 (34) Batsanin,D (2298)-Farakhov,R (2258) Serpukhov 1999}) 16... Nec6 17. Nxd4 Nxd4 18. Ne2 Nxe2+ 19. Qxe2 Qc7 20. Rfd1 Rbe8 21. bxc5 dxc5 22. e5 Bxg2 23. Kxg2 Rf7 24. Qf3 Rd7 (24... g5) 25. Rb3 Red8 26. a4 Qc8 27. Ra1 {[%emt 0:01:39] White is more active.} Qa6 28. Raa3 Qa5 29. Qe3 {[%emt 0:00:51] Inhibits Qd2.} Bf8 30. Rb5 Qa6 31. Qf3 Qc8 32. a5 Qc7 33. axb6 axb6 34. Rab3 Rb8 35. Be1 Rdd8 {[%emt 0:00:46] [#] Black is now going downhill.} (35... g5) (35... g5 $14) 36. Ba5 $1 $36 {[%emt 0:02:31][%cal Ra5b6][%mdl 2048] White has strong initiative.} bxa5 (36... Qd7 $16 {was called for.} 37. Bxb6 Rdc8) 37. Rb7 $18 Rxb7 (37... Qxb7 38. Rxb7+ Kg8) 38. Rxb7 Qxb7 39. Qxb7+ {[%emt 0:00:06][%mdl 4096] Endgame KQ-KRB} Bg7 40. Qb3 Ra8 41. Qa4 Ra7 42. Kf3 Bf8 43. Ke3 Kg7 44. Qc6 Kf7 45. Qb6 (45. d4 $142) 45... Rd7 46. Qxa5 h5 $2 (46... Be7 47. h4 Rd8) 47. Qb6 Be7 48. Qb8 {[%emt 0:00:00] [#] Hoping for Qh8.} Rd8 {[%emt 0:00:07] Against Qh8} 49. Qb7 Rd4 50. h3 Rd8 51. Qf3 Rd4 52. Kd2 Bf8 53. Kc3 Be7 54. Kc2 Bf8 55. Kb3 Be7 56. Ka4 Bf8 57. Kb5 Be7 58. Kc6 Bf8 $2 (58... Rd8 59. Kc7 Rd4) 59. g4 fxg4 60. hxg4 hxg4 61. Qxg4 {[%emt 0:00:00] Threatens to win with Qg5.} Bg7 62. Qg3 (62. Qg5 $142 Rxd3 63. Kxc5) 62... Bf8 63. Qh4 {[%emt 0:00:00] Qf6+ is the strong threat.} Bg7 {[%emt 0:00:31] Prevents Qf6+.} 64. Kxc5 Rxd3 65. Kc6 $2 (65. Kb5 Rd4 66. Qf2) 65... Rd4 66. Kc5 $2 (66. Kb5 Bxe5 67. Qh7+ Bg7 68. c5 Rxf4 69. c6) 66... Rd3 $1 67. Qh2 Bf8+ 68. Kc6 Rd4 69. Kb5 Rd3 70. Qh7+ Bg7 71. c5 {[%emt 0:00:07] Threatening mate with c6.} Rb3+ 72. Ka6 {[%emt 0:00:58] aiming for c6.} Ra3+ 73. Kb7 {[%emt 0:00:08] And now c6 would win.} Rb3+ 74. Kc7 Rb4 75. Qh2 g5 76. Qh5+ {[%emt 0:00:22] Weighted Error Value: White=0.27 (precise) /Black=0.38} 1-0